APL (24 & UNDER)
NANTUCKET ORCAS @ ATHENS ASSASSINS
05/16/2026
 
TOP OF THE 1ST
Nantucket Orcas batting - Pitching for Athens Assassins : RHP Ole Moree
Pitching: RHP Ole Moree
Batting: RHB Mike Willis 0-0: Ball
1-0: Called Strike
1-1: Ball
2-1: Swinging Strike
2-2: Strikes out swinging
Batting: LHB Noah Gillespie 0-0: Ball
1-0: Swinging Strike
1-1: Ball
2-1: Ball
3-1: Base on Balls
Batting: SHB Cory Campbell 0-0: Ball
1-0: Fielders Choice at 2nd, 4-6 (Groundball, 4)
Batting: RHB Roberto Canó 0-0: Ball
1-0: Called Strike
1-1: Called Strike
1-2: Ball
2-2: Strikes out swinging
Top of the 1st over - 0 run(s), 0 hit(s), 0 error(s), 1 left on base; Nantucket 0 - Athens 0
BOTTOM OF THE 1ST
Athens Assassins batting - Pitching for Nantucket Orcas : RHP Pedro Santiago
Pitching: RHP Pedro Santiago
Batting: SHB José Estreito 0-0: Ball
1-0: SINGLE (Line Drive, 8LS)
Batting: RHB Juan Gonzáles 0-0: Fly out, F5 (Line Drive, 5)
Batting: RHB Jorge Loanos 0-0: Ball
1-0: Called Strike
1-1: Ball
2-1: Grounds into double play, 6-4-3 (Groundball, 6M)
Bottom of the 1st over - 0 run(s), 1 hit(s), 0 error(s), 0 left on base; Nantucket 0 - Athens 0
TOP OF THE 2ND
Nantucket Orcas batting - Pitching for Athens Assassins : RHP Ole Moree
Batting: SHB Dan Dunn 0-0: Called Strike
0-1: Ball
1-1: Ball
2-1: Swinging Strike
2-2: Ball
3-2: Base on Balls
Batting: RHB César Osequedo 0-0: Fly out, F5 (Popup, 5F)
Batting: LHB Eugene Lee 0-0: Ground out U3 (Groundball, 3S)
Dan Dunn to second
Batting: RHB Domingo Hernández 0-0: Called Strike
0-1: Fly out, F8 (Flyball, 8RD)
Top of the 2nd over - 0 run(s), 0 hit(s), 0 error(s), 1 left on base; Nantucket 0 - Athens 0
BOTTOM OF THE 2ND
Athens Assassins batting - Pitching for Nantucket Orcas : RHP Pedro Santiago
Batting: LHB Terry Simpson 0-0: Ball
1-0: Called Strike
1-1: Swinging Strike
1-2: Ball
2-2: SOLO HOME RUN (Flyball, 9D), Distance : 379 ft
Batting: LHB Giovannino Arduino 0-0: Ball
1-0: Called Strike
1-1: SINGLE (Groundball, 34S)
Batting: LHB Al Bartlett 0-0: Foul Ball, location: 2F
0-1: Ball
1-1: Called Strike
1-2: Ball
2-2: Foul Ball, location: 2F
2-2: Foul Ball, location: 2F
2-2: Fielders Choice at 2nd, 6-4 (Groundball, 6M)
Batting: RHB Emílio García 0-0: Ball
Passed Ball!
Al Bartlett to second
1-0: Ball
2-0: Called Strike
2-1: Fly out, F4 (Popup, 4MD)
Batting: RHB Ryan Jackson 0-0: Ball
1-0: Ground out 4-3 (Groundball, 4)
Bottom of the 2nd over - 1 run(s), 2 hit(s), 0 error(s), 1 left on base; Nantucket 0 - Athens 1
TOP OF THE 3RD
Nantucket Orcas batting - Pitching for Athens Assassins : RHP Ole Moree
Batting: RHB Anastasio Zartuche 0-0: Called Strike
0-1: Called Strike
0-2: Ball
1-2: Strikes out swinging
Batting: RHB Mike Willis 0-0: Swinging Strike
0-1: Foul Ball, location: 2F
0-2: Strikes out swinging
Batting: LHB Noah Gillespie 0-0: Foul Ball, location: 2F
0-1: Ball
1-1: Ball
2-1: TRIPLE (Flyball, 89XD)
Batting: SHB Cory Campbell 0-0: Ball
1-0: Ball
2-0: Ball
3-0: Base on Balls
Batting: RHB Roberto Canó 0-0: Ball
1-0: Called Strike
1-1: Foul Ball, location: 2F
1-2: Ball
2-2: Ball
Cory Campbell steals 2nd base
3-2: Foul Ball, location: 2F
3-2: Foul Ball, location: 2F
3-2: Foul Ball, location: 2F
3-2: Foul Ball, location: 2F
3-2: Base on Balls
Batting: SHB Dan Dunn 0-0: Called Strike
0-1: SINGLE (Flyball, 6MD)
Noah Gillespie scores
Cory Campbell to third
Roberto Canó to second
Runner from 3rd tries for Home, SAFE, no throw or cutoff
Batting: RHB César Osequedo 0-0: Called Strike
0-1: Ball
1-1: Foul Ball, location: 2F
1-2: Ground out 5-3 (Groundball, 5L)
Top of the 3rd over - 2 run(s), 2 hit(s), 0 error(s), 2 left on base; Nantucket 2 - Athens 1
BOTTOM OF THE 3RD
Athens Assassins batting - Pitching for Nantucket Orcas : RHP Pedro Santiago
Batting: SHB Rick Turner 0-0: Ball
1-0: Called Strike
1-1: Ball
2-1: Ball
3-1: Called Strike
3-2: Ground out 4-3 (Groundball, 4)
Batting: SHB José Estreito 0-0: Called Strike
0-1: Ball
1-1: Swinging Strike
1-2: Ball
2-2: Strikes out swinging
Batting: RHB Juan Gonzáles 0-0: Foul Ball, location: 2F
0-1: Ball
1-1: Ball
2-1: Foul Ball, location: 2F
2-2: Hit by Pitch
Batting: RHB Jorge Loanos 0-0: Hit by Pitch
Juan Gonzáles to second
Batting: LHB Terry Simpson 0-0: Called Strike
0-1: 3-RUN HOME RUN (Flyball, 9D), Distance : 367 ft
Batting: LHB Giovannino Arduino 0-0: Ball
1-0: Called Strike
1-1: Ground out 6-3 (Groundball, 6)
Bottom of the 3rd over - 3 run(s), 1 hit(s), 0 error(s), 0 left on base; Nantucket 2 - Athens 4
TOP OF THE 4TH
Nantucket Orcas batting - Pitching for Athens Assassins : RHP Ole Moree
Batting: LHB Eugene Lee 0-0: Called Strike
0-1: Bunt for hit - play at first, batter OUT! 1-3
Batting: RHB Domingo Hernández 0-0: Swinging Strike
0-1: Ball
1-1: Ball
2-1: Ball
3-1: Base on Balls
Batting: RHB Anastasio Zartuche 0-0: SINGLE (Line Drive, 8LS)
Domingo Hernández to second
Batting: RHB Mike Willis 0-0: Ball
1-0: Called Strike
1-1: Foul Ball, location: 2F
1-2: Strikes out swinging
Pitching: RHP Anastasio García
Batting: LHB Noah Gillespie 0-0: Called Strike
0-1: Foul Ball, location: 2F
0-2: Ball
1-2: DOUBLE (Flyball, 9LM)
Domingo Hernández scores
Anastasio Zartuche to third
Runner from 3rd tries for Home, SAFE, no throw or cutoff
Batting: SHB Cory Campbell 0-0: Foul Ball, location: 2F
0-1: Foul Ball, location: 2F
0-2: Foul Ball, location: 2F
0-2: Foul Ball, location: 2F
0-2: Ball
1-2: Foul Ball, location: 2F
1-2: Ball
2-2: Ball
3-2: Foul Ball, location: 2F
3-2: SINGLE (Groundball, 5D)
Noah Gillespie to third
Noah Gillespie scores
Batting: RHB Roberto Canó 0-0: Ball
1-0: Called Strike
Cory Campbell steals 2nd base
1-1: Ball
2-1: Called Strike
2-2: Ground out 2-3 (Groundball, 25)
Top of the 4th over - 3 run(s), 3 hit(s), 0 error(s), 1 left on base; Nantucket 5 - Athens 4
BOTTOM OF THE 4TH
Athens Assassins batting - Pitching for Nantucket Orcas : RHP Pedro Santiago
Batting: LHB Al Bartlett 0-0: Ball
1-0: Ground out 5-3 (Groundball, 56)
Batting: RHB Emílio García 0-0: Called Strike
0-1: Foul Ball, location: 2F
0-2: Strikes out looking
Batting: RHB Ryan Jackson 0-0: Ball
1-0: Fly out, F8 (Line Drive, 8RM)
Bottom of the 4th over - 0 run(s), 0 hit(s), 0 error(s), 0 left on base; Nantucket 5 - Athens 4
TOP OF THE 5TH
Nantucket Orcas batting - Pitching for Athens Assassins : RHP Anastasio García
Batting: SHB Dan Dunn 0-0: Ball
1-0: Swinging Strike
1-1: Ball
2-1: Ball
3-1: Swinging Strike
3-2: Strikes out swinging
Batting: RHB César Osequedo 0-0: SINGLE (Groundball, 6MD)
Batting: LHB Eugene Lee 0-0: Ball
1-0: Called Strike
César Osequedo steals 2nd base
1-1: Called Strike
César Osequedo is caught stealing 3rd base
1-2: Ball
2-2: Strikes out swinging
Top of the 5th over - 0 run(s), 1 hit(s), 0 error(s), 0 left on base; Nantucket 5 - Athens 4
BOTTOM OF THE 5TH
Athens Assassins batting - Pitching for Nantucket Orcas : RHP Pedro Santiago
Batting: SHB Rick Turner 0-0: Called Strike
0-1: Fly out, F7 (Flyball, 7LM)
Batting: SHB José Estreito 0-0: Swinging Strike
0-1: Ball
1-1: SINGLE (Groundball, 25) (infield hit)
Batting: RHB Juan Gonzáles 0-0: Called Strike
0-1: Ball
1-1: Ball
2-1: Ball
3-1: Base on Balls
José Estreito to second
Batting: RHB Jorge Loanos 0-0: Called Strike
0-1: Fly out, F6 (Popup, 6D)
Batting: LHB Terry Simpson 0-0: Ball
1-0: Ball
2-0: Called Strike
2-1: Swinging Strike
2-2: Foul Ball, location: 2F
2-2: Ball
3-2: Base on Balls
José Estreito to third
Juan Gonzáles to second
Pitching: RHP Sean Flynn
Batting: LHB Giovannino Arduino 0-0: Ball
1-0: Fly out, F6 (Popup, 6D)
Bottom of the 5th over - 0 run(s), 1 hit(s), 0 error(s), 3 left on base; Nantucket 5 - Athens 4
TOP OF THE 6TH
Nantucket Orcas batting - Pitching for Athens Assassins : RHP Anastasio García
Batting: RHB Domingo Hernández 0-0: Ball
1-0: Ground out 1-3 (Groundball, 25)
Batting: RHB Anastasio Zartuche 0-0: Called Strike
0-1: Ball
1-1: Swinging Strike
1-2: Ball
2-2: Ball
3-2: Base on Balls
Batting: RHB Mike Willis 0-0: Foul Ball, location: 2F
0-1: SINGLE (Groundball, 34D)
Anastasio Zartuche to second
Runner from 2nd tries for 3rd, SAFE, throw made to third
Batting: LHB Noah Gillespie 0-0: Foul Ball, location: 2F
0-1: Ball
1-1: Ball
2-1: Ground out 4-3 (Groundball, 4M)
Anastasio Zartuche scores
Mike Willis to second
Batting: SHB Cory Campbell 0-0: Called Strike
0-1: Foul Ball, location: 2F
0-2: Fly out, F8 (Flyball, 8RM)
Top of the 6th over - 1 run(s), 1 hit(s), 0 error(s), 1 left on base; Nantucket 6 - Athens 4
BOTTOM OF THE 6TH
Athens Assassins batting - Pitching for Nantucket Orcas : RHP Sean Flynn
Batting: LHB Al Bartlett 0-0: Foul Ball, location: 2F
0-1: Foul Ball, location: 2F
0-2: Strikes out swinging
Batting: RHB Emílio García 0-0: Called Strike
0-1: Ball
1-1: Ball
2-1: Called Strike
2-2: Strikes out swinging
Batting: RHB Ryan Jackson 0-0: Ball
1-0: Swinging Strike
1-1: Foul Ball, location: 2F
1-2: Foul Ball, location: 2F
1-2: Foul Ball, location: 2F
1-2: Hit by Pitch
Batting: SHB Rick Turner 0-0: Ball
1-0: Ball
2-0: Fly out, F9 (Flyball, 9M)
Bottom of the 6th over - 0 run(s), 0 hit(s), 0 error(s), 1 left on base; Nantucket 6 - Athens 4
TOP OF THE 7TH
Nantucket Orcas batting - Pitching for Athens Assassins : RHP Anastasio García
Pitching: RHP Kieron Lahyani
Batting: RHB Roberto Canó 0-0: Ball
1-0: Ground out 4-3 (Groundball, 4MD)
Batting: SHB Dan Dunn 0-0: Ball
1-0: Called Strike
1-1: Ball
2-1: Foul Ball, location: 2F
2-2: Strikes out swinging
Batting: RHB César Osequedo 0-0: Foul Ball, location: 2F
0-1: Ball
1-1: Swinging Strike
1-2: Foul Ball, location: 2F
1-2: Ball
2-2: Ball
3-2: Strikes out swinging
Top of the 7th over - 0 run(s), 0 hit(s), 0 error(s), 0 left on base; Nantucket 6 - Athens 4
BOTTOM OF THE 7TH
Athens Assassins batting - Pitching for Nantucket Orcas : RHP Sean Flynn
Batting: SHB José Estreito 0-0: Ball
1-0: Ball
2-0: Foul Ball, location: 2F
2-1: Swinging Strike
2-2: Fly out, F8 (Flyball, 8LM)
Batting: RHB Juan Gonzáles 0-0: Swinging Strike
0-1: Ball
1-1: Ball
2-1: Foul Ball, location: 2F
2-2: Strikes out swinging
Pitching: RHP Bob Schneider
Batting: RHB Jorge Loanos 0-0: Called Strike
0-1: Called Strike
0-2: Ball
1-2: Strikes out swinging
Bottom of the 7th over - 0 run(s), 0 hit(s), 0 error(s), 0 left on base; Nantucket 6 - Athens 4
TOP OF THE 8TH
Nantucket Orcas batting - Pitching for Athens Assassins : RHP Kieron Lahyani
Batting: LHB Eugene Lee 0-0: Called Strike
0-1: Ground out 3-1 (Groundball, 34)
Batting: RHB Domingo Hernández 0-0: Called Strike
0-1: Swinging Strike
0-2: Strikes out looking
Batting: RHB Anastasio Zartuche 0-0: Foul Ball, location: 2F
0-1: Foul Ball, location: 2F
0-2: Foul Ball, location: 2F
0-2: Strikes out swinging
Top of the 8th over - 0 run(s), 0 hit(s), 0 error(s), 0 left on base; Nantucket 6 - Athens 4
BOTTOM OF THE 8TH
Athens Assassins batting - Pitching for Nantucket Orcas : RHP Bob Schneider
Batting: LHB Terry Simpson 0-0: Ball
1-0: Ball
2-0: Ball
3-0: Called Strike
3-1: Foul Ball, location: 2F
3-2: Base on Balls
Pitching: LHP Josh Chamberlain
Pinch Runner at 1st Ramón Rodríguez:
Batting: LHB Giovannino Arduino Balk!
Ramón Rodríguez to second
0-0: Ball
1-0: SINGLE (Groundball, 4MD)
Ramón Rodríguez to third
Runner from 3rd tries for Home, SAFE, no throw or cutoff
Batting: LHB Al Bartlett 0-0: Bunted foul
0-1: Bunted foul
0-2: Ball
1-2: Foul Ball, location: 2F
1-2: SINGLE (Groundball, 34D)
Giovannino Arduino to second
Runner from 2nd tries for 3rd, SAFE, no throw or cutoff
Pitching: RHP José Cuellar
Batting: RHB Emílio García 0-0: Called Strike
0-1: Ground out 6-3 (Groundball, 6)
Al Bartlett to second
Pinch Hitting: LHB Tommy Payne 0-0: Swinging Strike
0-1: Swinging Strike
0-2: Ball
1-2: Foul Ball, location: 2F
1-2: Strikes out swinging
Pitching: LHP José Rodríguez
Batting: SHB Rick Turner 0-0: Foul Ball, location: 2F
0-1: Ball
1-1: Swinging Strike
1-2: Ball
2-2: Strikes out swinging
Bottom of the 8th over - 1 run(s), 2 hit(s), 0 error(s), 2 left on base; Nantucket 6 - Athens 5
TOP OF THE 9TH
Nantucket Orcas batting - Pitching for Athens Assassins : RHP Kieron Lahyani
Now at 1B: Luis Vázquez
Batting: RHB Mike Willis 0-0: Ground out 4-3 (Groundball, 4)
Batting: LHB Noah Gillespie 0-0: Foul Ball, location: 2F
0-1: Swinging Strike
0-2: Foul Ball, location: 2F
0-2: Ball
1-2: Foul Ball, location: 2F
1-2: Ground out 3-1 (Groundball, 34)
Batting: SHB Cory Campbell 0-0: Swinging Strike
0-1: Fly out, F9 (Line Drive, 89S)
Top of the 9th over - 0 run(s), 0 hit(s), 0 error(s), 0 left on base; Nantucket 6 - Athens 5
BOTTOM OF THE 9TH
Athens Assassins batting - Pitching for Nantucket Orcas : LHP José Rodríguez
Pitching: RHP Armando Chávez
Pinch Hitting: LHB Mike Davis 0-0: Reached on error, E3 (Groundball, 3S)
Batting: RHB Juan Gonzáles 0-0: Sac Bunt - play at first, batter OUT! 2-4
Mike Davis to second
Pinch Hitting: LHB Pedro Rodríguez 0-0: Called Strike
0-1: Foul Ball, location: 2F
0-2: Ball
1-2: Foul Ball, location: 2F
1-2: Strikes out swinging
Batting: RHB Ramón Rodríguez 0-0: Fly out, F6 (Popup, 5L)
Bottom of the 9th over - 0 run(s), 0 hit(s), 1 error(s), 1 left on base; Nantucket 6 - Athens 5
Monday, December 5th, 2016 - OOTP Baseball 17.12 Build 75